 Dungeon Crawl Stone Soup version 0.29.1-2-gbd0b4ee654 (webtiles) character file.

Game seed: 4101190374873658954

6 H0rd4k the Charlatan (level 1, -1/13 HPs)
             Began as an Octopode Artificer on Dec 1, 2022.
             Slain by a jackal (3 damage)
             ... on level 1 of the Dungeon.
             The game lasted 00:00:18 (350 turns).

H0rd4k the Charlatan (Octopode Artificer)            Turns: 350, Time: 00:00:18

Health: -1/13      AC:  1    Str: 11    XL:     1   Next: 90%
Magic:  1/2        EV: 13    Int: 13    God:
Gold:   47         SH:  0    Dex: 12    Spells: 1/1 levels left

rFire   . . .      SeeInvis .   (no weapon)
rCold   . . .      Faith    .   (no shield)
rNeg    . . .      Spirit   .   (helmet restricted)
rPois   .          Reflect  .   (no amulet)
rElec   .          Harm     .   (no ring)
rCorr   .          Rampage  .   (no ring)
Will    .....                   (no ring)
Stlth   +++.......              (no ring)
HPRegen 0.04/turn               (no ring)
MPRegen 0.08/turn               (no ring)
                                (no ring)
                                (no ring)

@: no status effects
A: almost no armour, amphibious, 8 rings, camouflage 1, gelatinous body 1,
(nimble swimmer 1), tentacles
a: no special abilities


You were on level 1 of the Dungeon.
You visited 1 branch of the dungeon, and saw 1 of its levels.

You collected 47 gold pieces.

Inventory:

Wands
 b - a wand of flame (15) (quivered)
 c - a wand of charming (15)
 d - a wand of iceblast (5)
Scrolls
 a - a scroll of fear {unknown}
 f - a scroll of noise {unknown}
Potions
 e - a potion of degeneration {unknown}


   Skills:
 * Level 1.3 Fighting
 - Level 2.3 Dodging
 - Level 1.3 Stealth
 + Level 0.1 Unarmed Combat
 * Level 0.8 Spellcasting
 - Level 3.2 Evocations


You had one spell level left.
You didn't know any spells.
Your spell library was empty.

Dungeon Overview and Level Annotations

Branches:
Dungeon (1/15)

Altars:


Innate Abilities, Weirdness & Mutations

You cannot wear most types of armour.
You are amphibious.
You can wear up to eight rings at the same time.
Your skin changes colour to match your surroundings (Stealth+).
Your rubbery body absorbs attacks. (AC +1, EV +1)
((You are camouflaged when in or above water. (Stealth+)))
You have tentacles for arms and can constrict up to eight enemies at once.


Message History

There is an escape hatch in the floor here. 4 jackals come into view.
An endoplasm comes into view.
There are monsters nearby!
The jackal barks! x4
There are monsters nearby!
You tentacle-slap the jackal. Your grab misses the jackal.
You squeeze the jackal, but do no damage.
The jackal is moderately wounded.
The jackal bites you.
There are monsters nearby!
You barely miss the jackal. You grab the jackal.
You squeeze the jackal, but do no damage.
The jackal is moderately wounded.
You constrict the jackal, but do no damage.
The jackal bites you. The jackal closely misses you. x2
There are monsters nearby!
You release your grip on the jackal.
The jackal attacks as you move away! The jackal bites you.
The jackal attacks as you move away! The jackal barely misses you.
The jackal attacks as you move away! The jackal bites you.
The jackal bites you.
You closely miss the jackal. You grab the jackal.
You constrict the jackal, but do no damage.
The jackal bites you.
* * * LOW HITPOINT WARNING * * *
You tentacle-slap the jackal but do no damage.
You constrict the jackal. The jackal bites you.
* * * LOW HITPOINT WARNING * * *
You tentacle-slap the jackal.
The jackal is almost dead.
You constrict the jackal.
You kill the jackal!
The jackal misses you.
You tentacle-slap the jackal. You grab the jackal. You squeeze the jackal.
You kill the jackal!
You barely miss the jackal. You grab the jackal.
You constrict the jackal, but do no damage.
The jackal bites you.
You die...

#######.##.#.#...#.#.##.
.........##############.
#.#########............>..
#J#. #.###.#####.####
..... #.#.......#.# ...
#.#.#.###.#.# ...
..#...#...#.#
#+###.###########.###.#
.......hh@...........>#
.....#.#####.###.###.# ###
#.# #.# #.# #.# #.hh#
#.###.# #.# #...+ #.....#
#.# #...# ####### #.#
#...# #.# #...# #.# #....
#.#


You could see 2 jackals.

Vanquished Creatures
  An endoplasm (D:1)
  A goblin (D:1)
  2 jackals (D:1)
  A rat (D:1)
5 creatures vanquished.

Notes
Turn   | Place    | Note
-------+----------+-------------------------------------------
     0 | D:1      | H0rd4k the Octopode Artificer began the quest for the Orb.
     0 | D:1      | Reached XP level 1. HP: 13/13 MP: 1/1
   350 | D:1      | Slain by a jackal

Illustrated notes

Levels and vault maps discovered:
D:1:      wander_arrival_fairy_ring, layout_basic,
          chequers_ecumenical_altar_simple, minmay_misc_feat_alley,
          minmay_cupped

Action                   || total
-------------------------++-------
Melee: Unarmed           ||    14
       Constrict         ||     5
       Tentacles         ||     5
       Punch             ||     1
 Stab: Sleeping          ||     1
Dodge: Dodged            ||     6
